 Dungeon Sprint DCSS version 0.30-a0-937-ga0a21ad780 (webtiles) character file.

Game seed: 9644488783041931011

54 BigDaddyOpFi the Protected (level 7, -3/70 HPs)
             Began as an Armataur Fighter on Mar 24, 2023.
             Was a Priest of Wu Jian.
             Slain by a gnoll sergeant
             ... wielding a +0 trident
              (15 damage)
             ... in the Dungeon (Sprint VI: "Thunderdome").
             The game lasted 00:03:08 (455 turns).

BigDaddyOpFi the Protected (Armataur Fighter)        Turns: 455, Time: 00:03:08

Health: -3/70      AC: -11   Str: 23    XL:     7   Next: 7%
Magic:  7/7        EV:  7    Int:  8    God:    Wu Jian [***...]
Gold:   55         SH:  6    Dex: 14    Spells: 6/6 levels left

rFire   . . .      SeeInvis +    d - +0 broad axe
rCold   x x .      Faith    +    c - +0 buckler
rNeg    + + .      Spirit   .    b - +0 scale mail
rPois   +          Reflect  .    (no helmet)
rElec   .          Roll     +    (no cloak)
rCorr   .          NoTele   +    (no gloves)
Will    +....                    (no barding)
Stlth   +                        o - amulet "Noblipoh" {Faith rPois rC- rN+ Dex+4}
HPRegen 0.31/turn                p - ring "Piuj" {rPois rN+}
MPRegen 0.10/turn                q - ring of Busef {rPois rC- Will+ SInv Stlth+}

@: corroded
A: large, rugged brown scales 3, deformed body, armoured tail, roll, long
tongue, awkward tongue
a: Renounce Religion, Wall Jump, Serpent's Lash


You were in the Dungeon.
You worshipped Wu Jian.
Wu Jian was most pleased with you.
You visited 1 branch You collected 310 gold pieces.
You spent 255 gold pieces at shops.

Inventory:

Hand Weapons
 d - a +0 broad axe (weapon)
Armour
 b - a +0 scale mail (worn)
 c - a +0 buckler (worn)
Jewellery
 o - the amulet "Noblipoh" (around neck) {Faith rPois rC- rN+ Dex+4}
   (You bought it in a shop in the Dungeon)

   [amulet of faith]

   It allows you to gain divine favour quickly.
   Dex:       It affects your dexterity (+4).
   rC:        It makes you vulnerable to cold.
   rPois:     It protects you from poison.
   rN:        It protects you from negative energy.
 p - the ring "Piuj" (left hand) {rPois rN+}
   (You bought it in a shop in the Dungeon)

   [ring of positive energy]

   rPois:     It protects you from poison.
   rN:        It protects you from negative energy.
 q - the ring of Busef (right hand) {rPois rC- Will+ SInv Stlth+}
   (You bought it in a shop in the Dungeon)

   [ring of willpower]

   rC:        It makes you vulnerable to cold.
   rPois:     It protects you from poison.
   SInv:      It lets you see invisible.
   Will:      It increases your willpower.
   Stlth:     It makes you more stealthy.
Wands
 l - a wand of acid (2) (quivered)
 m - a wand of roots (5)
Scrolls
 j - 3 scrolls of blinking
 n - 3 scrolls of fog
Potions
 g - a potion of haste
 h - 2 potions of magic
 k - a potion of resistance


   Skills:
 + Level 7.5 Fighting
 + Level 6.5 Axes
 + Level 9.8 Armour
 + Level 9.0 Shields


You had 6 spell levels left.
You didn't know any spells.
Your spell library was empty.

Dungeon Overview and Level Annotations

Branches:
Dungeon (1/1)

Altars:
Cheibriados
Dithmenos
Fedhas
Gozag
Kikubaaqudgha
Makhleb
Okawaru
Qazlal
Ru
Sif Muna
Trog
Uskayaw
Vehumet
Wu Jian
Xom
Yredelemnul
Zin
The Shining One
Lugonu

Shops:
D *[??*?*:[((!!!!


Innate Abilities, Weirdness & Mutations

You are completely covered in rugged brown scales. (AC +3, +7% HP)
Armour fits poorly on your strangely shaped body.
You have a long armoured tail.
You roll when moving toward enemies. (Rampage)
Your long tongue fully drains potion bottles. (2x potion effects)
Your tongue gives you trouble enunciating. (1.5x scroll delay)


Message History

The gnoll sergeant completely misses you.
You barely miss the gnoll sergeant. You block the gnoll sergeant's attack.
You hit the gnoll sergeant.
The gnoll sergeant is lightly wounded.
You hit the gnoll sergeant but do no damage.
Your tail-slap misses the gnoll sergeant.
The gnoll sergeant is lightly wounded.
The gnoll sergeant hits you with a +0 trident.
You hit the gnoll sergeant but do no damage.
You tail-slap the gnoll sergeant, but do no damage.
The gnoll sergeant is lightly wounded.
You feel yourself slow down.
The gnoll sergeant hits you with a +0 trident!
You hit the gnoll sergeant but do no damage.
The gnoll sergeant is lightly wounded.
The gnoll sergeant barely misses you. You block the gnoll sergeant's attack.
You barely miss the gnoll sergeant.
The gnoll sergeant is lightly wounded.
The gnoll sergeant barely misses you.
You hit the gnoll sergeant but do no damage.
The gnoll sergeant is lightly wounded.
You block the gnoll sergeant's attack.
You barely miss the gnoll sergeant.
The gnoll sergeant is lightly wounded.
The gnoll sergeant hits you with a +0 trident!
You hit the gnoll sergeant but do no damage.
The gnoll sergeant is lightly wounded.
The gnoll sergeant hits you with a +0 trident! x2
You slash the gnoll sergeant!
You tail-slap the gnoll sergeant, but do no damage.
The gnoll sergeant is heavily wounded.
You block the gnoll sergeant's attack.
You closely miss the gnoll sergeant.
The gnoll sergeant is heavily wounded.
The gnoll sergeant hits you with a +0 trident!
* * * LOW HITPOINT WARNING * * *
You slash the gnoll sergeant!
The gnoll sergeant is almost dead.
The gnoll sergeant hits you with a +0 trident!
You die...

###∩........8.#
#.8........∩###
##∩___......###.....)___∩##
######.8........÷8.######
#⌠...........⌠#
###.........### #_........#
#_......._# #_........#
#∩....@..∩# ##∩...g.∩##
##.....## ##⌠⌠⌠## #####


You could see a gnoll sergeant.

Vanquished Creatures
  A rust devil (D)
  2 water moccasins (D)
  An adder (D)
  A giant cockroach (D)
  4 ball pythons (D)
  2 kobolds (D)
11 creatures vanquished.

Notes
Turn   | Place    | Note
-------+----------+-------------------------------------------
     0 | D        | BigDaddyOpFi the Armataur Fighter began the quest for the
                  | Orb.
     0 | D        | Reached XP level 1. HP: 19/19 MP: 1/1
     3 | D        | Found a hide-covered altar of Uskayaw.
     3 | D        | Found an ornate altar of the Wu Jian Council.
     4 | D        | Found a snail-covered altar of Cheibriados.
     5 | D        | Found a bloodstained altar of Trog.
     5 | D        | Round 1.
     6 | D        | Found a basalt altar of Yredelemnul.
     6 | D        | Found an ancient bone altar of Kikubaaqudgha.
     6 | D        | Found an iron altar of Okawaru.
     6 | D        | Found Oluosaot's Identification Station.
     7 | D        | Found Gaziudgh's Jewellery.
     7 | D        | Found Gunaorghi's Advanced Armour.
    15 | D        | Bought a scorched silver amulet for 45 gold pieces
    15 | D        | Identified the amulet "Noblipoh" {Faith rPois rC- rN+
                  | Dex+4} (You bought it in a shop in the Dungeon)
    15 | D        | Bought an ancient granite ring for 45 gold pieces
    15 | D        | Identified the ring "Piuj" {rPois rN+} (You bought it in a
                  | shop in the Dungeon)
    15 | D        | Bought a bound ivory ring for 45 gold pieces
    15 | D        | Identified the ring of Busef {rPois rC- Will+ SInv Stlth+}
                  | (You bought it in a shop in the Dungeon)
    29 | D        | Found Ocarr's Magic Scroll Shop.
    29 | D        | Found Matzick Giej's Magic Scroll Shop.
    30 | D        | Found Ymief's Must-Have Magic.
    31 | D        | Found a sacrificial altar of Ru.
    31 | D        | Found a glowing silver altar of Zin.
    31 | D        | Found a shimmering altar of Xom.
    31 | D        | Found Cenoewk's Staff Store.
    38 | D        | Became a worshipper of the Wu Jian Council
    57 | D        | Reached * piety under Wu Jian
    61 | D        | Found an opulent altar of Gozag.
    62 | D        | Found a stormy altar of Qazlal.
    63 | D        | Found a blossoming altar of Fedhas.
    64 | D        | Found Syew's Premium Goods.
    65 | D        | Found Bikugref's Miscellaneous Merchandise.
    65 | D        | Found Misulim's Basic Armour.
    66 | D        | Found a shimmering blue altar of Sif Muna.
    66 | D        | Found Nalirgh's Weapon Rack.
    70 | D        | Found a burning altar of Makhleb.
    71 | D        | Found a radiant altar of Vehumet.
    73 | D        | Found a glowing golden altar of the Shining One.
    74 | D        | Found Gamometu's Do-It-Yourself Clinic.
    78 | D        | Found Dunwakk's Bottled Wisdom.
    78 | D        | Found Zatrin's Distillery.
    79 | D        | Arena points: 12 (+12) [x2]
    83 | D        | Found a corrupted altar of Lugonu.
    83 | D        | Found a shadowy altar of Dithmenos.
    83 | D        | Found Ezxokuigi's Distillery.
   150 | D        | Round 2.
   151 | D        | Noticed a water moccasin
   155 | D        | Reached ** piety under Wu Jian
   156 | D        | Killed a water moccasin
   157 | D        | Reached XP level 2. HP: 28/29 MP: 2/2
   157 | D        | Reached XP level 3. HP: 36/37 MP: 3/3
   157 | D        | Reached XP level 4. HP: 42/43 MP: 4/4
   158 | D        | Reached skill level 5 in Fighting
   173 | D        | Noticed a water moccasin
   175 | D        | Reached *** piety under Wu Jian
   182 | D        | Killed a water moccasin
   182 | D        | Arena points: 48 (+36) [x3]
   183 | D        | Reached skill level 5 in Axes
   183 | D        | Reached XP level 5. HP: 53/53 MP: 5/5
   215 | D        | Round 3.
   233 | D        | Noticed a rust devil
   291 | D        | Killed a rust devil
   292 | D        | Reached XP level 6. HP: 5/64 MP: 6/6
   292 | D        | Reached XP level 7. HP: 6/70 MP: 7/7
   298 | D        | Noticed a rust devil
   341 | D        | Noticed a rust devil
   360 | D        | Noticed a rust devil
   411 | D        | Arena points: 54 (+6) [x1]
   426 | D        | Bought a +0 broad axe for 120 gold pieces
   434 | D        | Round 4.
   455 | D        | Slain by a gnoll sergeant

Illustrated notes

Levels and vault maps discovered:
D:        arena_sprint

Skill      XL: |  1  2  3  4  5 |
---------------+----------------+-----
Fighting       | 4 6 7 |  7.5
Armour         | 6 8 9 |  9.8
Axes           | 4 5 6 |  6.5
Shields        | 6 7 9 |  9.0

Action                     |  1- 3 |  4- 6 |  7- 9 || total
---------------------------+-------+-------+-------++-------
  Melee: War axe           |    21 |    49 |     3 ||    73
         Tailslap          |     2 |    12 |     4 ||    18
         Broad axe         |       |       |    17 ||    17
 Invoke: Serpent's Lash    |       |     1 |       ||     1
Ability: Whirlwind         |     1 |     1 |     1 ||     3
         Lunge             |       |     1 |       ||     1
  Evoke: Wand              |       |     3 |       ||     3
    Use: Potion            |     1 |     4 |     5 ||    10
         Scroll            |       |       |     1 ||     1
 Armour: Scale mail        |    13 |     6 |       ||    19
  Dodge: Dodged            |     9 |     6 |     5 ||    20
  Block: Buckler           |     6 |    11 |     9 ||    26

Table legend: (Time is in decaauts)
 A = Elapsed time spent in this place.
 B = Non-inter-level travel time spent in this place.
 C = Inter-level travel time spent in this place.
 D = Time resting spent in this place.
 E = Time spent auto-exploring this place.
 F = Levels seen in this place.
 G = Mean time per level.
                   A        B        C        D        E       F      G
               +--------+--------+--------+--------+--------+-----+--------+
         Total |    438 |    438 |      0 |     12 |      0 |   1 |  438.0 |
       Dungeon |    438 |    438 |      0 |     12 |      0 |   1 |  438.0 |
               +--------+--------+--------+--------+--------+-----+--------+

Top non-repeatable levels by time:
       D: 438 daAuts
